[Event "*** SCC Grand Prix: Titled Tuesday Blitz"]
[Site "Chess.com"]
[Date "2020.08.25"]
[Round "4"]
[White "chigorin28"]
[Black "memer5334"]
[Result "1-0"]
[WhiteElo "2466"]
[BlackElo "2162"]
[TimeControl "180+1"]
[EndTime "10:37:39 PDT"]
[Termination "chigorin28 won by resignation"]

1. e4 d5 2. exd5 c6 3. d4 cxd5 4. Nf3 Nf6 5. Bd3 Nc6 6. c3 Bg4 7. O-O e6 8. Nbd2 Bd6 9. Re1 h5 10. h3 Bxf3 11. Nxf3 Qc7 12. Bg5 O-O-O 13. b4 Rdg8 14.
a4 Ne4 15. Bxe4 dxe4 16. Rxe4 f6 17. Bd2 g5 18. Rxe6 g4 19. b5 Nd8 20. Rxf6 gxf3 21. Qxf3 Kb8 22. Rxd6 Rf8 23. Rf6 Rxf6 24. Qxf6 Re8 25.
Bf4 1-0

[Event "*** SCC Grand Prix: Titled Tuesday Blitz"]
[Site "Chess.com"]
[Date "2020.08.25"]
[Round "4"]
[White "northridgehawk"]
[Black "StellarChessPro"]
[Result "0-1"]
[WhiteElo "2297"]
[BlackElo "2484"]
[TimeControl "180+1"]
[EndTime "10:37:42 PDT"]
[Termination "StellarChessPro won by resignation"]

1. e4 g6 2. d4 Bg7 3. Be3 d6 4.
Ne2 c6 5. Qd2 b5 6. f3 a6 7.
Nbc3 Nd7 8. g4 Rb8 9. Ng3 Nb6 10. h4 Nc4 11. Bxc4 bxc4 12. Nd1 h5 13. g5 e5 14. O-O Ne7 15. c3 O-O 16. Nf2 d5 17. dxe5 Bxe5 18. f4 Bg7 19. e5 Nf5 20. Kg2 Nxh4+ 21.
Kh2 Nf3+ 0-1

[Event "*** SCC Grand Prix: Titled Tuesday Blitz"]
[Site "Chess.com"]
[Date "2020.08.25"]
[Round "4"]
[White "Oglob71"]
[Black "barbara25"]
[Result "1-0"]
[WhiteElo "2549"]
[BlackElo "2276"]
[TimeControl "180+1"]
[EndTime "10:37:50 PDT"]
[Termination "Oglob71 won by resignation"]

1. d4 d5 2. Nf3 Nf6 3. c4 c6 4. e3 e6 5. Bd3 Be7 6. O-O Nbd7 7. Nbd2 O-O 8. e4 b6 9. e5 Ne8 10. cxd5 cxd5 11. h4 Bb7 12. Ng5 h6 13.
Nh7 Rc8 14. Nxf8 Bxf8 15. Qg4 Qe7 16. Nf3 f5 17. exf6 Ndxf6 18. Qg6 Kh8 19. Ne5 Nd6 20.
Bd2 Nfe4 21. Bb4 Qe8 22. Bxe4 Nxe4 23. Nf7+ Kg8 24. Nxh6+ Kh8 25. Qxe8 Rxe8 26. Bxf8 Rxf8 27. Ng4 1-0

[Event "*** SCC Grand Prix: Titled Tuesday Blitz"]
[Site "Chess.com"]
[Date "2020.08.25"]
[Round "4"]
[White "The_Chess_Coach"]
[Black "x-6099009240"]
[Result "0-1"]
[WhiteElo "2195"]
[BlackElo "2417"]
[TimeControl "180+1"]
[EndTime "10:37:54 PDT"]
[Termination "x-6099009240 won by resignation"]

1. d4 Nf6 2. c4 e6 3. Nc3 Bb4 4. e3 b6 5. Bd3 Bb7 6. Nf3 Ne4 7. Qc2 f5 8. O-O Bxc3 9. bxc3 O-O 10. Nd2 Qh4 11.
f3 Nxd2 12. Qxd2 d6 13. Qe2 Nd7 14. Bd2 e5 15. e4 f4 16. Be1 Qg5 17. Bf2 Rf6 18.
Kh1 Rg6 19. Bg1 Re8 20. Rab1 Nf6 21. c5 Nh5 22. Bc4+ Kh8 23. Rfd1 Ng3+ 24. hxg3 Qh5+ 25. Bh2 fxg3 26. Kg1 Qxh2+ 0-1

[Event "*** SCC Grand Prix: Titled Tuesday Blitz"]
[Site "Chess.com"]
[Date "2020.08.25"]
[Round "4"]
[White "UmbertoConcelli"]
[Black "Caterpiller35"]
[Result "1-0"]
[WhiteElo "2720"]
[BlackElo "2341"]
[TimeControl "180+1"]
[EndTime "10:37:55 PDT"]
[Termination "UmbertoConcelli won by resignation"]

1. d4 Nf6 2. c4 e6 3. Nc3 Bb4 4. e3 Ne4 5. Ne2 f5 6. Bd2 Nxd2 7. Qxd2 O-O 8. g3 Nc6 9. Bg2 d6 10. O-O Qe8 11. a3 Bxc3 12. Nxc3 Qh5 13. Qe2 Qh6 14. Nb5 Rf7 15. d5 Ne5 16. Nd4 exd5 17. Bxd5 Bd7 18.
Bxf7+ Kxf7 19. Rae1 Re8 20. f3 Kg8 21. Qc2 Qh5 22.
c5 Bb5 23. Nxb5 1-0

[Event "*** SCC Grand Prix: Titled Tuesday Blitz"]
[Site "Chess.com"]
[Date "2020.08.25"]
[Round "4"]
[White "Rhinos1"]
[Black "Synctel"]
[Result "1-0"]
[WhiteElo "2223"]
[BlackElo "1960"]
[TimeControl "180+1"]
[EndTime "10:37:57 PDT"]
[Termination "Rhinos1 won by resignation"]

1. e4 e6 2. d3 d5 3. Nd2 c5 4. Ngf3 Nc6 5. Be2 Bd6 6. O-O Nge7 7. c3 O-O 8. Re1 Qc7 9. Qc2 b6 10. Nf1 Ng6 11. Be3 Bb7 12. Rac1 Rac8 13. a3 Qb8 14. Qb1 Nf4 15. Bd1 Rfd8 16. Ng3 dxe4 17. Nxe4 Be7 18. Bc2 Nxd3 19. Bxd3 1-0

[Event "*** SCC Grand Prix: Titled Tuesday Blitz"]
[Site "Chess.com"]
[Date "2020.08.25"]
[Round "4"]
[White "Alexsur1981"]
[Black "LiemLe"]
[Result "0-1"]
[WhiteElo "2651"]
[BlackElo "2932"]
[TimeControl "180+1"]
[EndTime "10:37:58 PDT"]
[Termination "LiemLe won by resignation"]

1. e4 c6 2. Nc3 d5 3. Qe2 d4 4.
Nd1 e5 5. g3 Bd6 6. d3 c5 7. f4 Nc6 8. Bh3 Nge7 9. Bxc8 Qxc8 10. f5 Qd7 11. Nf3 O-O-O 12. O-O f6 13. a3 g6 14. Nh4 g5 15. Nf3 h5 16. Nf2 Kb8 17. Bd2 Rc8 18. c4 dxc3 19. bxc3 c4 20. d4 g4 21. Nh4 exd4 22. cxd4 Nxd4 23. Qd1 Be5 24. Rc1 Rhd8 25. Bf4 Qd6 26. Bxe5 Qxe5 27. Qa4 Ne2+ 28. Kg2 Nxc1 29. Rxc1 Rd2 30. Rxc4 Qb2 31. Rxc8+ Nxc8 0-1

[Event "*** SCC Grand Prix: Titled Tuesday Blitz"]
[Site "Chess.com"]
[Date "2020.08.25"]
[Round "4"]
[White "Justinz"]
[Black "suyu28"]
[Result "0-1"]
[WhiteElo "2399"]
[BlackElo "2633"]
[TimeControl "180+1"]
[EndTime "10:37:59 PDT"]
[Termination "suyu28 won by checkmate"]

1. e4 c6 2. d4 d5 3. e5 Bf5 4. h4 h6 5. g4 Bh7 6. e6 Qd6 7. exf7+ Kxf7 8. Nf3 Nd7 9. Bd3 e5 10.
Bxh7 Rxh7 11. dxe5 Nxe5 12. Bf4 Nxf3+ 13. Qxf3 Qe6+ 14.
Kf1 Nf6 15. g5 hxg5 16. hxg5 Rxh1+ 17. Qxh1 Qg4 18. gxf6 Qxf4 19. Qh5+ Kxf6 20. Nc3 Bc5 21. f3 Rh8 22. Qxh8 Qxf3+ 23. Ke1 Bf2+ 24. Kf1 Be3+ 25.
Ke1 Qf2+ 26. Kd1 Qd2# 0-1

[Event "*** SCC Grand Prix: Titled Tuesday Blitz"]
[Site "Chess.com"]
[Date "2020.08.25"]
[Round "4"]
[White "mamey78"]
[Black "IngOscarArdila"]
[Result "1-0"]
[WhiteElo "2413"]
[BlackElo "2194"]
[TimeControl "180+1"]
[EndTime "10:37:59 PDT"]
[Termination "mamey78 won by resignation"]

1. e4 e5 2. Nf3 Nf6 3. d4 Nxe4 4. Bd3 d5 5. Nxe5 Nf6 6. O-O Be7 7. Bg5 O-O 8. Nd2 Nbd7 9. c3 Re8 10. Qc2 Nf8 11. Rae1 c6 12. f4 Ng6 13. Ndf3 Bg4 14. Bxf6 Bxf3 15. Bxe7 Qxe7 16. Nxf3 Qf6 17. Ne5 Rad8 18. Bxg6 hxg6 19. Re3 Rf8 20. g3 Qd6 21. Rfe1 Qc7 22.
Qd2 Qd6 23. h4 Qc7 24. Qe2 Qd6 25. h5 gxh5 26. Qxh5 b6 27. R1e2 f6 28. Ng6 1-0

[Event "*** SCC Grand Prix: Titled Tuesday Blitz"]
[Site "Chess.com"]
[Date "2020.08.25"]
[Round "4"]
[White "Sychev_Klementy"]
[Black "Artyom_ChessMate"]
[Result "0-1"]
[WhiteElo "2758"]
[BlackElo "2581"]
[TimeControl "180+1"]
[EndTime "10:38:01 PDT"]
[Termination "Artyom_ChessMate won by resignation"]

1. e4 c5 2. Nf3 d6 3. d4 cxd4 4. Nxd4 Nf6 5. Nc3 g6 6. Be3 Bg7 7. f3 O-O 8. Qd2 Nc6 9. O-O-O d5 10. Nxc6 bxc6 11. Bh6 Qc7 12. Bxg7 Kxg7 13. h4 h5 14.
exd5 cxd5 15. Nxd5 Nxd5 16. Qxd5 Be6 17. Qd4+ Kg8 18.
Bd3 Rfd8 19. Qe3 Bxa2 20. g4 Rab8 21. gxh5 Rxb2 22. Kd2 Rxc2+ 23. Ke1 Qg3+ 0-1

[Event "*** SCC Grand Prix: Titled Tuesday Blitz"]
[Site "Chess.com"]
[Date "2020.08.25"]
[Round "4"]
[White "Cambek64"]
[Black "m_ezat"]
[Result "0-1"]
[WhiteElo "2351"]
[BlackElo "2564"]
[TimeControl "180+1"]
[EndTime "10:38:02 PDT"]
[Termination "m_ezat won by resignation"]

1. e4 c6 2. Nc3 d5 3. Nf3 Bg4 4. Be2 e6 5. d3 Bb4 6. Bd2 Nf6 7.
O-O O-O 8. Ne5 Bxe2 9. Qxe2 Nbd7 10. Nxd7 Nxd7 11. a3 Ba5 12. Kh1 d4 13. Nd1 Bxd2 14.
Qxd2 e5 15. f4 exf4 16. Qxf4 Qe7 17. Nf2 Ne5 18. Ng4 Ng6 19. Qg3 c5 20. Rf5 Rac8 21. Raf1 c4 22. e5 cxd3 23. cxd3 Rc2 24. Nf6+ gxf6 25.
exf6 Qe3 26. R5f3 Rc1 27. h3 Rxf1+ 0-1

[Event "*** SCC Grand Prix: Titled Tuesday Blitz"]
[Site "Chess.com"]
[Date "2020.08.25"]
[Round "4"]
[White "Larina_Marija"]
[Black "mfwagnerpeixoto"]
[Result "0-1"]
[WhiteElo "2088"]
[BlackElo "2264"]
[TimeControl "180+1"]
[EndTime "10:38:04 PDT"]
[Termination "mfwagnerpeixoto won by resignation"]

1. e4 c5 2. Nc3 g6 3. g3 Bg7 4. Bg2 Nc6 5. Nge2 e6 6. f4 d6 7.
d3 Nge7 8. O-O h5 9. h3 Rb8 10. Rb1 b5 11. a3 a5 12. Be3 b4 13. axb4 axb4 14. Na4 Nd4 15. c3 bxc3 16. Naxc3 O-O 17.
g4 hxg4 18. hxg4 f5 19. gxf5 exf5 20. Ng3 Be6 21. Nd5 Nxd5 22. exd5 Bf7 23. Ne2 Nxe2+ 24. Qxe2 Re8 25. Qf2 Rxe3 26. Kh1 Rxd3 27. Rfe1 Bd4 28. Qe2 Qh4+ 0-1

[Event "*** SCC Grand Prix: Titled Tuesday Blitz"]
[Site "Chess.com"]
[Date "2020.08.25"]
[Round "4"]
[White "Annagozel"]
[Black "OparinGrigoriy"]
[Result "0-1"]
[WhiteElo "1854"]
[BlackElo "2966"]
[TimeControl "180+1"]
[EndTime "10:38:06 PDT"]
[Termination "OparinGrigoriy won by resignation"]

1. e4 c5 2. Nf3 d6 3. d4 cxd4 4. Nxd4 Nf6 5. Nc3 Nc6 6. Be2 Bd7 7. Be3 g6 8. O-O Bg7 9. f3 O-O 10. Qd2 Rc8 11. Rab1 Ne5 12. Nd5 Nxd5 13. exd5 Nc4 14. Bxc4 Rxc4 15. b3 Rc8 16. c4 a6 17. a4 Re8 18. a5 e5 19. Nc2 f5 20. Bb6 Qf6 21. Rbe1 f4 22. Na3 g5 23. h3 Bf5 24. Nb1 Qg6 25. Nc3 h5 26. Ne4 g4 27. fxg4 hxg4 28. hxg4 Bxe4 29. Qe2 Bd3 0-1

[Event "*** SCC Grand Prix: Titled Tuesday Blitz"]
[Site "Chess.com"]
[Date "2020.08.25"]
[Round "4"]
[White "Bastiandash"]
[Black "Ze-Pequeno"]
[Result "1-0"]
[WhiteElo "2399"]
[BlackElo "2123"]
[TimeControl "180+1"]
[EndTime "10:38:11 PDT"]
[Termination "Bastiandash won by resignation"]

1. e4 e5 2. Nf3 Nc6 3. d4 exd4 4. Nxd4 Bc5 5. Nxc6 Qf6 6. Qf3 bxc6 7. Nc3 Bd4 8. Bd2 Ne7 9. Qxf6 Bxf6 10. f4 d6 11.
Kf2 Bd4+ 12. Be3 Bb6 13. Bd3 f5 14. Rhe1 O-O 15. e5 Ng6 16. Bxb6 axb6 17. g3 dxe5 18. Bc4+ Kh8 19. fxe5 f4 20. e6 Ne7 21. g4 Ba6 22. Bxa6 Rxa6 23. Rad1 Raa8 24. Rd7 Rfe8 25. Rxc7 Rac8 26.
Rd7 g5 27. Ne4 1-0

[Event "*** SCC Grand Prix: Titled Tuesday Blitz"]
[Site "Chess.com"]
[Date "2020.08.25"]
[Round "4"]
[White "Duhless"]
[Black "Shota_Azaladze"]
[Result "1-0"]
[WhiteElo "3003"]
[BlackElo "2671"]
[TimeControl "180+1"]
[EndTime "10:38:13 PDT"]
[Termination "Duhless won by resignation"]

1. d4 Nf6 2. c4 g6 3. Nf3 Bg7 4. Nc3 c5 5. d5 O-O 6. e4 e6 7. e5 Ng4 8. Ng5 Nh6 9. Nge4 Nf5 10. Bg5 Qa5 11. Nf6+ Kh8 12. g4 Nd4 13. h4 h6 14. h5 Bxf6 15. Bxf6+ Kh7 16. Bd3 exd5 17. g5 d6 18. hxg6+ fxg6 19. Rxh6+ Kg8 20. Rh8+ Kf7 21. Bxg6+ Kxg6 22. Qh5+ Kf5 23. g6+ Ke6 24. cxd5+ 1-0

[Event "*** SCC Grand Prix: Titled Tuesday Blitz"]
[Site "Chess.com"]
[Date "2020.08.25"]
[Round "4"]
[White "ruslansezdbekov"]
[Black "SHIVACalypso"]
[Result "1-0"]
[WhiteElo "2567"]
[BlackElo "2324"]
[TimeControl "180+1"]
[EndTime "10:38:13 PDT"]
[Termination "ruslansezdbekov won by resignation"]

1. d4 e6 2. c4 Nf6 3. Nc3 Bb4 4.
Qc2 b6 5. a3 Bxc3+ 6. Qxc3 Bb7 7. Bg5 h6 8. Bxf6 Qxf6 9. f3 d6 10. e3 Nd7 11. Bd3 O-O 12. Ne2 c5 13. O-O Rac8 14. Be4 d5 15. cxd5 exd5 16. Bd3 cxd4 17. Qxd4 Qxd4 18. exd4 Rfe8 19. Kf2 Re7 20. Nf4 Rce8 21.
Rac1 Nf6 22. g4 g5 23. Ng2 Kg7 24. h4 Nh7 25. hxg5 Nxg5 26. Nh4 Kf6 27. Nf5 Re6 28. Rh1 Rh8 29. Rc7 Bc8 30. Rxc8 1-0

[Event "*** SCC Grand Prix: Titled Tuesday Blitz"]
[Site "Chess.com"]
[Date "2020.08.25"]
[Round "4"]
[White "Dr_crypt"]
[Black "Kildepiotr"]
[Result "0-1"]
[WhiteElo "2373"]
[BlackElo "2629"]
[TimeControl "180+1"]
[EndTime "10:38:14 PDT"]
[Termination "Kildepiotr won by resignation"]

1. d4 c5 2. d5 e5 3. Nc3 d6 4.
e4 Be7 5. b3 Bg5 6. Bb2 Ne7 7.
g3 O-O 8. h4 Bh6 9. Bg2 f5 10.
f3 Na6 11. Nge2 Nc7 12. a4 a6 13.
a5 Nb5 14. Qd3 Nd4 15. Nxd4 cxd4 16. Ne2 fxe4 17. fxe4 Bd7 18. c4 dxc3 19. Nxc3 Rc8 20. Rf1 Bg4 21. Rxf8+ Qxf8 22. Qf1 Qd8 23. Bf3 Qd7 24.
Qe2 Bxf3 25. Qxf3 Qh3 26. Ke2 Rf8 27. Rh1 Qc8 28. Qh5 Qc5 29. Rf1 Qe3+ 0-1

[Event "*** SCC Grand Prix: Titled Tuesday Blitz"]
[Site "Chess.com"]
[Date "2020.08.25"]
[Round "4"]
[White "GustavoJuarezF"]
[Black "Bubachess1608"]
[Result "0-1"]
[WhiteElo "2067"]
[BlackElo "2254"]
[TimeControl "180+1"]
[EndTime "10:38:14 PDT"]
[Termination "Bubachess1608 won on time"]

1. e4 c5 2. Nf3 e6 3. d4 cxd4 4. Nxd4 a6 5. Bd3 Qc7 6. O-O Nf6 7. c4 d6 8. Nc3 Be7 9. Be3 O-O 10. Rc1 Nbd7 11.
f3 b6 12. Qd2 Bb7 13. Rfd1 Rac8 14. Kh1 Qb8 15. a3 Rfe8 16. Bf1 Bf8 17. b4 g6 18. Na4 d5 19. cxd5 exd5 20. Rxc8 Rxc8 21. exd5 Nxd5 22. Bf2 N7f6 23. Rc1 Rd8 24. Nc6 Bxc6 25. Rxc6 Nxb4 26. Rxb6 Qxb6 27. Nxb6 Rxd2 28. axb4 Rxf2 0-1

[Event "*** SCC Grand Prix: Titled Tuesday Blitz"]
[Site "Chess.com"]
[Date "2020.08.25"]
[Round "4"]
[White "SamuelGhimpu2003"]
[Black "MarcoRiehle"]
[Result "0-1"]
[WhiteElo "2530"]
[BlackElo "2733"]
[TimeControl "180+1"]
[EndTime "10:38:15 PDT"]
[Termination "MarcoRiehle won on time"]

1. d4 d5 2. Nf3 e6 3. c4 Nf6 4. g3 dxc4 5. Bg2 Bb4+ 6. Bd2 a5 7. O-O O-O 8. Qc2 b5 9. Ne5 Ra6 10. a4 c6 11. axb5 cxb5 12. Bxb4 axb4 13. Rxa6 Bxa6 14.
Rd1 Nfd7 15. Nd2 Nxe5 16. d5 exd5 0-1

[Event "*** SCC Grand Prix: Titled Tuesday Blitz"]
[Site "Chess.com"]
[Date "2020.08.25"]
[Round "4"]
[White "Artooooo"]
[Black "Vesper2018"]
[Result "0-1"]
[WhiteElo "2778"]
[BlackElo "2574"]
[TimeControl "180+1"]
[EndTime "10:38:23 PDT"]
[Termination "Vesper2018 won by resignation"]

1. d4 Nf6 2. c4 g6 3. Nc3 Bg7 4.
e4 d6 5. Nf3 O-O 6. Be2 e5 7. d5 a5 8. O-O Na6 9. Bg5 h6 10. Be3 Ng4 11. Bd2 f5 12. exf5 gxf5 13. g3 f4 14. Nh4 h5 15. Ne4 Nc5 16. Nxc5 dxc5 17. Bd3 e4 18. Bxe4 fxg3 19. fxg3 Bd4+ 20. Kg2 Nf2 21. Rxf2 Rxf2+ 22. Kh1 Bg4 23. Bf3 Qxh4 0-1

[Event "*** SCC Grand Prix: Titled Tuesday Blitz"]
[Site "Chess.com"]
[Date "2020.08.25"]
[Round "4"]
[White "Tooweak2slow03"]
[Black "nickmatta"]
[Result "1-0"]
[WhiteElo "2701"]
[BlackElo "2485"]
[TimeControl "180+1"]
[EndTime "10:38:24 PDT"]
[Termination "Tooweak2slow03 won by resignation"]

1. e4 e5 2. Nf3 Nc6 3. Nc3 Nf6 4. a3 d5 5. Bb5 d4 6. Ne2 Nxe4 7. Nxe5 Qd5 8. Bxc6+ bxc6 9. Nf3 c5 10. d3 Nf6 11.
O-O Be7 12. Nf4 Qd8 13. Re1 O-O 14. h3 Rb8 15. b3 Bb7 16. Ne5 Re8 17. Bd2 Bd6 18.
Nc4 Rxe1+ 19. Qxe1 Bf8 20. Qe5 Nd5 21. Re1 Nb6 22.
Nh5 Nxc4 23. bxc4 Qh4 24. Bh6 f6 25. Qe6+ Kh8 26. Bxg7+ Bxg7 27. Qe8+ Bf8 28. Qxb8 1-0

[Event "*** SCC Grand Prix: Titled Tuesday Blitz"]
[Site "Chess.com"]
[Date "2020.08.25"]
[Round "4"]
[White "FairChess_on_YouTube"]
[Black "Beltraxtor"]
[Result "1-0"]
[WhiteElo "2981"]
[BlackElo "2533"]
[TimeControl "180+1"]
[EndTime "10:38:28 PDT"]
[Termination "FairChess_on_YouTube won by resignation"]

1. e4 c5 2. Nc3 Nc6 3. Nge2 e6 4. d4 cxd4 5. Nxd4 Qc7 6. Be3 a6 7. Qf3 Bd6 8. O-O-O Be5 9. g3 Nge7 10. Qg2 b5 11. f4 Bxd4 12. Bxd4 Nxd4 13. Rxd4 O-O 14. Qd2 b4 15.
Rxb4 a5 16. Rd4 Rb8 17. Bb5 d5 18. a4 dxe4 19. Nxe4 Nd5 20. Rc4 Qa7 21. Qd4 Qe7 22. Qc5 Bb7 23. Qxe7 Nxe7 24. Re1 Rfc8 25. Nd6 Rxc4 26.
Nxc4 Bc6 27. Re5 Rc8 28. Rc5 1-0

[Event "*** SCC Grand Prix: Titled Tuesday Blitz"]
[Site "Chess.com"]
[Date "2020.08.25"]
[Round "4"]
[White "lucachess49"]
[Black "Evgeny81"]
[Result "0-1"]
[WhiteElo "2477"]
[BlackElo "2696"]
[TimeControl "180+1"]
[EndTime "10:38:30 PDT"]
[Termination "Evgeny81 won by resignation"]

1. d4 Nf6 2. c4 e5 3. dxe5 Ne4 4. Nf3 Nc6 5. e3 d6 6. Bd3 Nc5 7. Bc2 dxe5 8. Qxd8+ Kxd8 9. a3 a5 10. Ke2 Be6 11.
Nbd2 f6 12. b3 Be7 13. Bb2 Ke8 14. Ne4 a4 15. Nxc5 Bxc5 16. Nd2 axb3 17. Bxb3 Na5 18. Ba2 Kf7 19. Rhc1 Rhd8 20. Nb3 Nxb3 21. Bxb3 Ra6 22. Rc2 Rb6 23. Ba2 Bf5 0-1

[Event "*** SCC Grand Prix: Titled Tuesday Blitz"]
[Site "Chess.com"]
[Date "2020.08.25"]
[Round "4"]
[White "AlexSuv"]
[Black "K_A_S_T_O_R"]
[Result "0-1"]
[WhiteElo "2482"]
[BlackElo "2714"]
[TimeControl "180+1"]
[EndTime "10:38:39 PDT"]
[Termination "K_A_S_T_O_R won by resignation"]

1. d4 d5 2. c4 c6 3. Nc3 Nf6 4. e3 e6 5. Nf3 Nbd7 6. Qc2 Bd6 7. Bd3 O-O 8. O-O dxc4 9. Bxc4 Qe7 10. h3 a6 11. a3 b5 12. Be2 c5 13. dxc5 Bxc5 14. b4 Bd6 15. Ne4 Bb7 16. Nxd6 Qxd6 17.
Bb2 Rac8 18. Qb3 Bd5 19. Qd3 Qb8 20. Qd4 Bc4 21. Rfe1 Bxe2 22. Rxe2 Rc4 23. Qd3 Rfc8 24.
Rd1 h6 25. Red2 Qb7 26. Qe2 Nd5 27. Nd4 N7b6 28. Qf3 Na4 29. Ba1 Nac3 30. Bxc3 Rxc3 31. Nf5 Qc7 32. e4 Rxf3 0-1

[Event "*** SCC Grand Prix: Titled Tuesday Blitz"]
[Site "Chess.com"]
[Date "2020.08.25"]
[Round "4"]
[White "A-Fier"]
[Black "Schandenfreude"]
[Result "1-0"]
[WhiteElo "2758"]
[BlackElo "2497"]
[TimeControl "180+1"]
[EndTime "10:38:42 PDT"]
[Termination "A-Fier won by checkmate"]

1. e4 e6 2. d4 d5 3. Nd2 dxe4 4. Nxe4 Bd7 5. Nf3 Bc6 6. Neg5 Bd6 7. Nxf7 Kxf7 8. Ng5+ Ke7 9. Bc4 Bd5 10. Bxd5 exd5 11. Qe2+ Kd7 12. Nf7 Qf6 13. Nxh8 Nh6 14. Bxh6 gxh6 15.
Qg4+ Kc6 16. Qc8 Bf8 17. Qe8+ Kb6 18. Nf7 a5 19. O-O Ka7 20. Ne5 Bd6 21. Rae1 Na6 22. Qh5 Rg8 23. g3 Nb4 24. c3 Na6 25. Qe2 h5 26.
Qxh5 Rg5 27. Qxh7 Rf5 28. Nd7 Qg5 29. Re8 Rf3 30. Qh8 b6 31. Ra8+ Kb7 32. Qc8+ Kc6 33. Rxa6 Bxg3 34. Rxb6# 1-0

[Event "*** SCC Grand Prix: Titled Tuesday Blitz"]
[Site "Chess.com"]
[Date "2020.08.25"]
[Round "4"]
[White "carlsen1001"]
[Black "AndreyNeves"]
[Result "0-1"]
[WhiteElo "2392"]
[BlackElo "2183"]
[TimeControl "180+1"]
[EndTime "10:38:42 PDT"]
[Termination "AndreyNeves won by resignation"]

1. e4 c5 2. Nf3 Nc6 3. d4 cxd4 4. Nxd4 Nf6 5. Nc3 d6 6. Bb5 Bd7 7. Be3 g6 8. O-O Bg7 9. f3 O-O 10. Kh1 a6 11. Be2 Rc8 12. Nd5 Nxd4 13. Bxd4 e5 14. Bb6 Qe8 15. Nxf6+ Bxf6 16. Qxd6 Rc6 17. Qb4 Be7 18.
Qb3 Be6 19. Qe3 Rxc2 20. f4 exf4 21. Qd3 Qc6 22. Bd4 Rd8 23. Rad1 Rc4 0-1

[Event "*** SCC Grand Prix: Titled Tuesday Blitz"]
[Site "Chess.com"]
[Date "2020.08.25"]
[Round "4"]
[White "abykhovsky"]
[Black "Bodnar_Mykola"]
[Result "1-0"]
[WhiteElo "2770"]
[BlackElo "2497"]
[TimeControl "180+1"]
[EndTime "10:38:45 PDT"]
[Termination "abykhovsky won by resignation"]

1. d4 Nf6 2. Nf3 b6 3. Bg5 Bb7 4. e3 g6 5. c4 Bg7 6. Nc3 O-O 7.
Bd3 c5 8. d5 e6 9. e4 h6 10. Bh4 g5 11. Bg3 exd5 12. cxd5 d6 13. O-O Re8 14. h3 Ba6 15. Re1 Nh5 16. Bh2 Bxd3 17. Qxd3 Nf4 18. Qd2 Qf6 19. Bxf4 Qxf4 20. Qxf4 gxf4 21. Nb5 Re7 22. e5 dxe5 23. d6 Re8 24. Nc7 Nc6 25. Rad1 f6 26. d7 Reb8 27.
Rd6 Nd8 28. Nh4 Kf7 29. g3 Bf8 30. Rd5 Ne6 31. Nxa8 Rxa8 32. gxf4 exf4 33. Rxe6 1-0

[Event "*** SCC Grand Prix: Titled Tuesday Blitz"]
[Site "Chess.com"]
[Date "2020.08.25"]
[Round "4"]
[White "Euge_chess"]
[Black "LubovMarkelova"]
[Result "1-0"]
[WhiteElo "2070"]
[BlackElo "2224"]
[TimeControl "180+1"]
[EndTime "10:38:45 PDT"]
[Termination "Euge_chess won by resignation"]

1. e4 e5 2. Nf3 Nc6 3. Nc3 Nf6 4. Bb5 Bb4 5. O-O O-O 6. Bxc6 dxc6 7. Nxe5 Re8 8. d4 c5 9. Bg5 h6 10. Bxf6 gxf6 11. Ng4 h5 12. Nh6+ Kf8 13. Qxh5 Be6 14. d5 1-0

[Event "*** SCC Grand Prix: Titled Tuesday Blitz"]
[Site "Chess.com"]
[Date "2020.08.25"]
[Round "4"]
[White "exoticprincess"]
[Black "ShadowJolteon"]
[Result "1-0"]
[WhiteElo "2873"]
[BlackElo "2454"]
[TimeControl "180+1"]
[EndTime "10:38:47 PDT"]
[Termination "exoticprincess won on time"]

1. e4 c6 2. c4 d5 3. cxd5 cxd5 4. exd5 Qxd5 5. Nc3 Qa5 6. d4 Nf6 7. Nf3 g6 8. Bc4 Bg7 9. O-O O-O 10. Re1 Rd8 11. Qb3 e6 12. Bg5 Nbd7 13. d5 Nc5 14. Qc2 a6 15.
Rad1 b5 16. Ne5 bxc4 17. Nc6 Qc7 18. Nxd8 Nd3 19. dxe6 Nxe1 20. exf7+ Kf8 21. Rxe1 Bf5 22. Qxf5 Rxd8 23. Qe6 Qd6 24. Bxf6 Bxf6 25. Qe8+ Kg7 26. g3 h5 27. Ne4 1-0

[Event "*** SCC Grand Prix: Titled Tuesday Blitz"]
[Site "Chess.com"]
[Date "2020.08.25"]
[Round "4"]
[White "Smascher17"]
[Black "alfiefischer77"]
[Result "1-0"]
[WhiteElo "2471"]
[BlackElo "2287"]
[TimeControl "180+1"]
[EndTime "10:38:52 PDT"]
[Termination "Smascher17 won by resignation"]

1. e4 c5 2. Nf3 e6 3. d4 cxd4 4.
Nxd4 a6 5. Be3 Nf6 6. Nc3 Bb4 7.
Bd3 Qc7 8. Ne2 O-O 9. O-O d6 10.
h3 Nc6 11. f4 b5 12. a3 Ba5 13. Kh1 Bb6 14. Qd2 Bb7 15. Rae1 Rac8 16. Ng3 Rfe8 17.
Qf2 Bxe3 18. Qxe3 Na5 19. e5 Nd5 20. Nxd5 Bxd5 21. b3 Qc5 22. Qe2 g6 23. b4 1-0

[Event "*** SCC Grand Prix: Titled Tuesday Blitz"]
[Site "Chess.com"]
[Date "2020.08.25"]
[Round "4"]
[White "beto-betun"]
[Black "KonstantinB_1983"]
[Result "0-1"]
[WhiteElo "2101"]
[BlackElo "2388"]
[TimeControl "180+1"]
[EndTime "10:38:52 PDT"]
[Termination "KonstantinB_1983 won on time"]

1. d4 Nf6 2. Nf3 e6 3. c4 c5 4. g3 cxd4 5. Nxd4 a6 6. Bg2 Qc7 7. b3 Nc6 8. O-O d6 9. Bb2 Be7 10. Nd2 Bd7 11. N2f3 O-O 12. Rc1 Rfd8 13. e3 Rac8 14.
Qe2 Qb8 15. Rfd1 Na7 16. e4 b5 17. e5 Ne8 18. exd6 Bxd6 19. Ng5 h6 20. Nxf7 Kxf7 21. Qh5+ Kg8 22. Qg6 Be5 23. Nxe6 Bxb2 24. Nxd8 Rxd8 25. Bd5+ Kh8 26. Be4 Nf6 0-1

[Event "*** SCC Grand Prix: Titled Tuesday Blitz"]
[Site "Chess.com"]
[Date "2020.08.25"]
[Round "4"]
[White "Aradej"]
[Black "Mbneu"]
[Result "1-0"]
[WhiteElo "2420"]
[BlackElo "2218"]
[TimeControl "180+1"]
[EndTime "10:38:54 PDT"]
[Termination "Aradej won by resignation"]

1. d4 Nf6 2. Nf3 c5 3. e3 e6 4. Bd3 b6 5. O-O Bb7 6. Nbd2 Nc6 7. c3 Be7 8. a3 O-O 9. e4 d6 10. Re1 e5 11. d5 Nb8 12. a4 a5 13. Bb5 Na6 14.
Nc4 Nc7 15. Bc6 Rb8 16. Bxb7 Rxb7 17. Qb3 Nd7 18. Nxa5 bxa5 19. Qxb7 f5 20. exf5 Rxf5 21. Nd2 Nf6 22. c4 Ng4 23. f3 Nxh2 24. Kxh2 Rh5+ 25.
Kg1 Bh4 26. Re4 Bg3 27. Nf1 Bh4 28. Bd2 Ne8 29. Qb5 Nf6 30. Rxh4 Rxh4 31. Qxa5 Qe8 32. Bg5 Rxc4 33. Bxf6 gxf6 34. Qb5 Rc2 35. Qxe8+ 1-0

[Event "*** SCC Grand Prix: Titled Tuesday Blitz"]
[Site "Chess.com"]
[Date "2020.08.25"]
[Round "4"]
[White "2346PL"]
[Black "BakaPG"]
[Result "0-1"]
[WhiteElo "2471"]
[BlackElo "2685"]
[TimeControl "180+1"]
[EndTime "10:38:56 PDT"]
[Termination "BakaPG won by resignation"]

1. d4 d5 2. Nf3 Nf6 3. c3 c6 4.
Bf4 Bf5 5. e3 Nbd7 6. Bd3 Bg4 7.
h3 Bh5 8. Nbd2 e6 9. O-O Be7 10. e4 O-O 11. Qe2 b5 12. e5 Ne8 13. Qe3 a5 14. a3 Nb6 15. b3 Nc7 16. Bg5 Bg6 17. Bxe7 Qxe7 18. h4 a4 19. b4 Nc4 20. Nxc4 dxc4 21.
Bxg6 fxg6 22. Qg5 Qf7 23. Qd2 Nd5 24. Ng5 Qf4 25. Qxf4 Rxf4 26. g3 Rf5 27. Rac1 Re8 28. Kg2 h6 29. Ne4 Ref8 30. Nc5 Kf7 31. Ne4 Ke7 32.
Rc2 Ne3+ 33. fxe3 Rxf1 34. Ra2 Re1 35. Nf2 Rxe3 36. Rc2 0-1